 Dungeon Crawl Stone Soup version 0.23.2 (webtiles) character file.

Game seed: 1459090287540172078

562 Borgoz the Sneak (level 7, -11/57 HPs)
             Began as a Ghoul Assassin on Apr 5, 2019.
             Mangled by an ogre
             ... wielding a +0 giant spiked club
              (26 damage)
             ... on level 4 of the Dungeon.
             The game lasted 00:07:21 (3755 turns).

Borgoz the Sneak (Ghoul Assassin)                   Turns: 3755, Time: 00:07:22

Health: -11/57     AC: 11    Str: 15    XL:     7   Next: 31%
Magic:  6/6        EV: 10    Int: 11    God:
Gold:   250        SH:  0    Dex: 12    Spells: 6/6 levels left

rFire    . . .     SeeInvis .   a - +2 dagger
rCold    + . .     Gourm    .   (no shield)
rNeg     + + +     Faith    .   j - +0 scale mail
rPois    ∞         Spirit   .   h - +2 helmet
rElec    .         Reflect  .   d - +0 cloak
rCorr    .         Harm     .   (no gloves)
MR       .....                  (no boots)
Stlth    ..........             (no amulet)
HPRegen  0.00/turn              (no ring)
MPRegen  0.10/turn              (no ring)

@: confused, brilliant, rotting
A: rotting body, claws 1, carnivore, cold resistance 1, negative energy
resistance 3, inhibited regeneration, torment resistance, unbreathing
a: no special abilities


You were on level 4 of the Dungeon.
You were not hungry.

You visited 1 branch of the dungeon, and saw 4 of its levels.

You collected 250 gold pieces.

Inventory:

Hand Weapons
 a - a +2 dagger (weapon)
 b - a +0 blowgun
Missiles
 e - 8 poisoned needles
 f - 2 curare-tipped needles
 w - 4 tomahawks (quivered)
Armour
 d - a +0 cloak (worn)
 h - a +2 helmet (worn)
 j - a +0 scale mail (worn)
Wands
 l - a wand of random effects (16)
 r - a wand of digging (2)
Scrolls
 c - a scroll of enchant armour {unknown}
 i - a scroll of fear
 k - 2 scrolls of enchant weapon {unknown}
 m - a scroll of noise {unknown}
 n - 2 scrolls of identify {unknown}
 o - a scroll of teleportation {unknown}
 s - a scroll of magic mapping {unknown}
 t - a scroll of amnesia {unknown}
Potions
 p - a potion of lignification
Comestibles
 g - 5 rations
 v - 2 chunks of flesh


   Skills:
 + Level 3.5 Fighting
 * Level 3.8 Short Blades
 - Level 1.7 Throwing
 * Level 3.2 Armour
 * Level 3.4 Dodging
 + Level 5.3 Stealth


You had 6 spell levels left.
You didn't know any spells.
Your spell library was empty.

Dungeon Overview and Level Annotations

Branches:
Dungeon (4/15)
 Temple: D:4-7

Altars:


Innate Abilities, Weirdness & Mutations

Your body is rotting away.
You thrive on raw meat.
You are immune to poison.
You have sharp fingernails.
You are carnivorous and can eat meat at any time.
Your flesh is cold resistant. (rC+)
You are immune to negative energy. (rN+++)
You do not regenerate when monsters are visible.
You are immune to unholy pain and torment.
You can survive without breathing.


Message History

The ball python bites you but does no damage.
The ball python constricts you.
The ogre hits you with a +0 giant spiked club!
* * * LOW HITPOINT WARNING * * *
You hit the ball python.
You kill the ball python!
It was a potion of lignification.
You feel woody for a moment.
The ogre hits you with a +0 giant spiked club.
* * * LOW HITPOINT WARNING * * *
It was a potion of brilliance.
You feel clever all of a sudden. The ogre closely misses you.
You are confused.
You feel invigorated.
You closely miss the ogre.
The ogre is moderately wounded.
The ogre closely misses you.
You bump into the metal wall.
The ogre hits you with a +0 giant spiked club!!
You die...

#.###.####.##.##.#
..# #.####.##.##.#
###
#............#####
#########.#......##
#÷#..###..#
##...#.†.#
#...###..#
#..#.#.#.#
.......###@###..
####..# #O#.# #.#
#.. .s# #.. .# .
##.#.# #.# # ..
#..# #.. #.# .##
#.. # ..


You could see an ogre and a scorpion.

Vanquished Creatures
  2 sky beasts
  An ice beast (D:4)
  A scorpion (D:4)
  A howler monkey (D:4)
  A worker ant (D:4)
  Robin (D:1)
  9 adders
  An adder skeleton (D:4)
  3 dart slugs (D:1)
  3 orcs
  6 bats
  4 giant cockroaches
  17 goblins
  6 hobgoblins
  3 jackals (D:1)
  A quokka (D:2)
  2 ball pythons
  2 frilled lizards
  14 kobolds
  8 rats
86 creatures vanquished.

Notes
Turn   | Place    | Note
-------+----------+-------------------------------------------
     0 | D:1      | Borgoz the Ghoul Assassin began the quest for the Orb.
     0 | D:1      | Reached XP level 1. HP: 17/17 MP: 0/0
    28 | D:1      | Reached skill level 1 in Dodging
   313 | D:1      | Reached XP level 2. HP: 23/24 MP: 1/1
   618 | D:1      | Reached skill level 1 in Armour
   628 | D:1      | Reached XP level 3. HP: 17/30 MP: 2/2
  1165 | D:2      | Noticed Robin
  1552 | D:1      | Killed Robin
  1552 | D:1      | Reached XP level 4. HP: 19/37 MP: 3/3
  2504 | D:3      | Reached XP level 5. HP: 42/42 MP: 4/4
  2563 | D:3      | Noticed a sky beast
  2578 | D:3      | HP: 1/42 [sky beast (6)]
  2611 | D:3      | Killed a sky beast
  2733 | D:3      | Reached skill level 5 in Stealth
  3125 | D:3      | Reached XP level 6. HP: 47/49 MP: 5/5
  3385 | D:4      | Noticed a sky beast
  3401 | D:4      | Noticed an ice beast
  3402 | D:4      | Killed a sky beast
  3414 | D:4      | Killed an ice beast
  3414 | D:4      | Reached XP level 7. HP: 28/57 MP: 6/6
  3755 | D:4      | Mangled by an ogre

Skill      XL: |  1  2  3  4  5  6 |
---------------+-------------------+-----
Dodging        | 1 2 3 |  3.4
Short Blades   | 2 3 |  3.8
Armour         | 1 2 3 |  3.2
Stealth        | 5 |  5.3
Fighting       | 3 |  3.5
Throwing       | |  1.7

Action                   |  1- 3 |  4- 6 |  7- 9 || total
-------------------------+-------+-------+-------++-------
Melee: Dagger            |   160 |   268 |    78 ||   506
  Use: Scroll            |     1 |       |       ||     1
       Potion            |       |     5 |     3 ||     8
 Stab: Sleeping          |     4 |       |       ||     4
  Eat: Chunk             |     1 |     7 |     3 ||    11
Armor: Robe              |    10 |       |       ||    10
       Scale mail        |    56 |   125 |    31 ||   212
Dodge: Dodged            |   102 |   103 |    42 ||   247
